 Dungeon Crawl Stone Soup version 0.30-a0-140-gd1020e658a (webtiles) character file.

Game seed: 7300084012109767877

92 qw the Chopper (level 4, -2/28 HPs)
             Began as a Gargoyle Fighter on Sept 24, 2022.
             Killed from afar by Natasha (4 damage)
             ... with a magic dart
             ... on level 3 of the Dungeon.
             The game lasted 00:00:54 (2089 turns).

qw the Chopper (Gargoyle Fighter)                   Turns: 2089, Time: 00:00:55

Health: -2/28      AC: 12    Str: 22    XL:     4   Next: 60%
Magic:  4/4        EV:  7    Int:  8    God:
Gold:   116        SH:  4    Dex:  9    Spells: 3/3 levels left

rFire   . . .      SeeInvis +    Y - +0 war axe
rCold   . . .      Faith    .    c - +0 buckler
rNeg    + . .      Spirit   .    i - +0 chain mail
rPois   inf        Reflect  .    (no helmet)
rElec   +          Harm     .    (no cloak)
rCorr   .          Rampage  .    (no gloves)
Will    .....                    (no boots)
Stlth   ..........               (no amulet)
HPRegen 0.09/turn                f - ring of see invisible
MPRegen 0.09/turn                (no ring)

@: no status effects
A: sickness immunity, AC +3, negative energy resistance 1, electricity
resistance, torment resistance 1, petrification resistance
a: no special abilities


You were on level 3 of the Dungeon.
You visited 1 branch of the dungeon, and saw 3 of its levels.

You collected 116 gold pieces.


Innate Abilities, Weirdness & Mutations

You are immune to sickness and miasma.
Your stone body is resilient. (AC +3)
You are immune to poison.
You resist negative energy. (rN+)
You are resistant to electric shocks. (rElec)
You are resistant to unholy torment.
You are immune to petrification.


   Skills:
 - Level 3.2 Fighting
 + Level 4.2 Axes
 - Level 3.2 Armour
 - Level 3.2 Shields


You had 3 spell levels left.
You didn't know any spells.
Your spell library was empty.

Inventory:

Hand Weapons
 b - a +0 mace
 Y - a +0 war axe (weapon)
Armour
 c - a +0 buckler (worn)
 i - a +0 chain mail (worn)
Jewellery
 f - a ring of see invisible (left hand)
Scrolls
 l - a scroll of identify
Potions
 a - a potion of curing
 d - 2 potions of might
 g - a potion of brilliance {unknown}
 o - a potion of lignification {unknown}

Dungeon Overview and Level Annotations

Branches:
Dungeon (3/15)

Altars:

Annotations:
D:3 Natasha


Message History

You hit the shadow imp but do no damage.
The crimson imp grins evilly.
The crimson imp blinks!
Natasha barely misses you. The shadow imp closely misses you.
You closely miss Natasha.
Natasha is severely wounded.
You closely miss the shadow imp. Natasha claws you but does no damage.
The shadow imp closely misses you.
You barely miss Natasha.
Natasha is severely wounded.
You hit the shadow imp. Natasha claws you but does no damage.
You block the shadow imp's attack.
You hit the shadow imp.
You kill the shadow imp!
The shadow imp disappears in a puff of smoke!
You hit Natasha.
The crimson imp disappears in a puff of smoke!
Natasha casts a spell.
Natasha claws you.
You closely miss Natasha.
Natasha is almost dead.
You hit the white imp but do no damage.
Natasha mumbles some strange words.
The white imp hits you but does no damage.
You miss Natasha.
Natasha is almost dead.
You closely miss the crimson imp. You closely miss the white imp.
The crimson imp blinks!
Natasha claws you.
The white imp hits you but does no damage.
You hit Natasha.
Natasha is almost dead.
You closely miss the white imp.
The crimson imp disappears in a puff of smoke!
Natasha barely misses you. The white imp spits at you.
The white imp hits you but does no damage.
The crimson imp blinks!
Natasha stares at you and mumbles some strange words.
The magic dart hits you.
You die...

############ #......###
#........... #........#
#........... ####........
#........... ......h...
###########. #.......
#... #...... #...
#...#### #... #5..5@.#
#... #...h¤.# #...
.#...¤..############...
.........................
######...........####....
#.¤.........# #)...
#...........####....
....................#
.##................###


You could see Natasha, a crimson imp (summoned) and a white imp (summoned).

Vanquished Creatures
  4 adders
  3 worms
  2 dart slugs (D:1)
  4 endoplasms
  2 giant cockroaches (D:1)
  5 goblins
  2 hobgoblins
  A quokka (D:1)
  A ball python (D:1)
  8 bats
  A frilled lizard (D:1)
  8 kobolds
  4 rats
45 creatures vanquished.

Notes
Turn   | Place    | Note
-------+----------+-------------------------------------------
     0 | D:1      | qw the Gargoyle Fighter began the quest for the Orb.
     0 | D:1      | Reached XP level 1. HP: 14/14 MP: 1/1
     0 | D:1      | 0 ||| qw: Version: 0.1.0-9-gbc19398
     0 | D:1      | 0 ||| qw: Game counter: 6
     0 | D:1      | 0 ||| qw: Always use a shield: true
     0 | D:1      | 0 ||| qw: God list: Okawaru
     0 | D:1      | 0 ||| qw: Allow faded altars: false
     0 | D:1      | 0 ||| qw: Do Orc after D:15 true
     0 | D:1      | 0 ||| qw: Do second Lair branch before Depths: true
     0 | D:1      | 0 ||| qw: Lair rune preference: random
     0 | D:1      | 0 ||| qw: Plans: Normal, Zot:1-4, God:TSO, Crypt, Tomb,
                  | Pan, Slime:5, Hells, Abyss, Orb
     0 | D:1      | 0 ||| PLANNING D:1-11
    41 | D:1      | Reached skill level 2 in Axes
    75 | D:1      | 75 ||| Stepping ~*~*~tactically~*~*~ (stealth).
    98 | D:1      | Reached XP level 2. HP: 19/19 MP: 2/2
   654 | D:1      | Reached skill level 3 in Axes
   777 | D:1      | 777 ||| READING scroll labelled TONA XUNUEMYOT.
   813 | D:2      | Reached XP level 3. HP: 23/23 MP: 3/3
   887 | D:2      | 887 ||| Stepping ~*~*~tactically~*~*~ (stealth).
   893 | D:2      | 893 ||| FLEEEEING.
   894 | D:2      | 894 ||| FLEEEEING.
   895 | D:2      | 895 ||| FLEEEEING.
   896 | D:2      | 896 ||| FLEEEEING.
   897 | D:2      | 897 ||| FLEEEEING.
   898 | D:2      | 898 ||| FLEEEEING.
   899 | D:2      | 899 ||| FLEEEEING.
   901 | D:2      | 901 ||| FLEEEEING.
   902 | D:2      | 902 ||| FLEEEEING.
   903 | D:2      | 903 ||| FLEEEEING.
   904 | D:2      | 904 ||| FLEEEEING.
   905 | D:2      | 905 ||| FLEEEEING.
   906 | D:2      | 906 ||| FLEEEEING.
   907 | D:2      | 907 ||| FLEEEEING.
   908 | D:2      | 908 ||| FLEEEEING.
   909 | D:2      | 909 ||| FLEEEEING.
   910 | D:2      | 910 ||| FLEEEEING.
   913 | D:2      | 913 ||| STAIRDANCE
   944 | D:1      | 944 ||| READING scroll labelled ASTRUPT FIPN.
  1004 | D:2      | Found a faded altar of an unknown god.
  1044 | D:2      | 1044 ||| Stepping ~*~*~tactically~*~*~ (stealth).
  1063 | D:2      | 1063 ||| Stepping ~*~*~tactically~*~*~ (stealth).
  1064 | D:2      | 1064 ||| Stepping ~*~*~tactically~*~*~ (stealth).
  1153 | D:2      | 1153 ||| Stepping ~*~*~tactically~*~*~ (stealth).
  1218 | D:2      | 1218 ||| Stepping ~*~*~tactically~*~*~ (stealth).
  1294 | D:2      | Reached XP level 4. HP: 27/28 MP: 4/4
  1599 | D:2      | Reached skill level 4 in Axes
  1625 | D:2      | 1625 ||| UPGRADING to +0 chain mail.
  1635 | D:2      | 1635 ||| DROPPING +0 scale mail.
  1636 | D:2      | 1636 ||| UPGRADING to ring of see invisible.
  1637 | D:2      | 1637 ||| READING scroll labelled LAYKACR COIQ.
  1638 | D:2      | 1638 ||| READING 3 scrolls labelled BOCOLEMAIH.
  1639 | D:2      | 1639 ||| READING scroll labelled FEMUSM MAMIKOPH.
  1640 | D:2      | 1640 ||| READING scroll labelled RAACKAUTIG.
  1641 | D:2      | 1641 ||| READING scroll labelled GOT BIXKYSM.
  1642 | D:2      | 1642 ||| DRINKING 2 silvery potions.
  1643 | D:2      | 1643 ||| DRINKING 2 fuming silvery potions.
  1644 | D:2      | 1644 ||| DROPPING potion of invisibility.
  1645 | D:2      | 1645 ||| DROPPING 2 scrolls of vulnerability.
  1832 | D:3      | 1832 ||| DROPPING +0 club.
  2066 | D:3      | Noticed Natasha
  2067 | D:3      | 2067 ||| Stepping ~*~*~tactically~*~*~ (hiding).
  2068 | D:3      | 2068 ||| Stepping ~*~*~tactically~*~*~ (hiding).
  2082 | D:3      | HP: 6/28 [Natasha (6)]
  2088 | D:3      | HP: 2/28 [Natasha (2)]
  2089 | D:3      | Killed from afar by Natasha

Levels and vault maps discovered:
D:1:      sevenhm_arrival_forest_fort_large_4, layout_basic, nrook_mini_vaults
D:2:      layout_loops_ring, basic_ecumenical_altar, minmay_tetromino_i2
D:3:      layout_basic, uniq_natasha

Skill      XL: |  1  2  3  4 |
---------------+-------------+-----
Axes           | 2 3 4 |  4.2
Fighting       | |  3.2
Armour         | |  3.2
Shields        | |  3.2

Action                   |  1- 3 |  4- 6 || total
-------------------------+-------+-------++-------
Melee: War axe           |   134 |    41 ||   175
  Use: Scroll            |     2 |     5 ||     7
       Potion            |       |     2 ||     2
Armor: Scale mail        |    78 |     2 ||    80
       Chain mail        |       |    27 ||    27
Dodge: Dodged            |    65 |    18 ||    83
Block: Buckler           |    25 |     9 ||    34

Table legend:
 A = Non-vault XP
 B = Vault XP
 C = Vault XP percentage of total XP
 D = Non-vault monster count
 E = Vault monster count
 F = Vault count percentage of total count
                 A         B        C        D         E       F
            +---------+---------+-------+---------+---------+-------
      Total |     131 |       1 |   0.8 |      44 |       1 |   2.2
            +---------+---------+-------+---------+---------+-------
        D:1 |      32 |       0 |   0.0 |      18 |       0 |   0.0
        D:2 |      66 |       1 |   1.5 |      22 |       1 |   4.3
        D:3 |      33 |       0 |   0.0 |       4 |       0 |   0.0
            +---------+---------+-------+---------+---------+-------
